 Seeded DCSS version 0.30.1-9-gdf580d7c3d (webtiles) character file.

Game seed: 920673320228942481 (custom seed)

9 Psyclone the Conjurer (level 2, 17/17 HPs)
             Began as an Octopode Conjurer on Oct 10, 2023.
             Quit the game on level 3 of the Dungeon.
             The game lasted 00:00:49 (406 turns).

Psyclone the Conjurer (Octopode Conjurer)            Turns: 406, Time: 00:00:50

Health: 17/17      AC:  3    Str: 14    XL:     2   Next: 12%
Magic:  5/5        EV: 13    Int: 16    God:
Gold:   6          SH:  0    Dex:  8    Spells: 4/5 levels left

rFire   . . .        (no weapon)
rCold   . . .        (no shield)
rNeg    . . .        (helmet restricted)
rPois   .            (no amulet)
rElec   .            (no ring)
rCorr   .            (no ring)
SInv    .            (no ring)
Will    .....        (no ring)
Stlth   +++          (no ring)
HPRegen 0.22/turn    (no ring)
MPRegen 0.09/turn    (no ring)
                     (no ring)

%: no passive effects
@: no status effects
A: almost no armour, amphibious, 8 rings, camouflage 1, gelatinous body 1,
(nimble swimmer 1), tentacles, iridescent scales 1, dopey 1, strong 2
a: no special abilities


You were on level 3 of the Dungeon.
You visited 1 branch of the dungeon, and saw 3 of its levels.

You collected 47 gold pieces.
You spent 41 gold pieces at shops.

Inventory:

Jewellery
 c - a ring of wizardry
Scrolls
 d - 3 scrolls of acquirement {unknown}
Potions
 a - a potion of magic
 e - a potion of lignification {unknown}


   Skills:
 - Level 2.0 Dodging
 - Level 2.6 Stealth
 - Level 2.0 Spellcasting
 + Level 4.4 Conjurations


You had 4 spell levels left.
You knew the following spells:

 Your Spells              Type           Power      Damage    Failure   Level
a - Magic Dart            Conj           60%        1d6       3%          1

Your spell library contained the following spells:

 Spells                   Type           Power      Damage    Failure   Level
 Searing Ray              Conj           30%        2d5       4%          2
 Dazzling Flash           Conj/Hex       16%        N/A       26%         3
 Fulminant Prism          Conj/Hex       4%         3d5       63%         4
 Iskenderun's Mystic Bla  Conj/Tloc      8%         2d4       63%         4


Dungeon Overview and Level Annotations

Branches:
Dungeon (3/15) Zot: 17594

Altars:

Shops:
D:3 *


Innate Abilities, Weirdness & Mutations

You cannot wear most types of armour.
You are amphibious.
You can wear up to eight rings at the same time.
Your skin changes colour to match your surroundings (Stealth+).
Your rubbery body absorbs attacks. (AC +1, EV +1)
((You are camouflaged when in or above water. (Stealth+)))
You have tentacles for arms and can constrict up to eight enemies at once.
You are partially covered in iridescent scales. (AC +2)
You are dopey. (Int -2)
Your muscles are very strong. (Str +8, Int/Dex -2)


Message History

You regained 3 mp, and now have 4/5 mp.
Casting: Magic Dart (safe; 2% risk of failure)
Confirm with . or Enter, or press ? or * to list all spells.
Aiming: Magic Dart (safe; 2% risk of failure)
Press: ? - help, Shift-Dir - straight line, f - rat
Aim: a rat (asleep, 100% to hit)
The magic dart hits the rat.
You kill the rat!
Casting: Magic Dart (safe; 2% risk of failure)
Confirm with . or Enter, or press ? or * to list all spells.
Aiming: Magic Dart (safe; 2% risk of failure)
Press: ? - help, Shift-Dir - straight line, f - ball python
Aim: a ball python (asleep, 100% to hit)
The magic dart hits the ball python.
You kill the ball python!
Casting: Magic Dart (safe; 2% risk of failure)
Confirm with . or Enter, or press ? or * to list all spells.
You can't see any susceptible monsters within range! (Use Z to cast anyway.)
There is an entrance to Xyxiz's Assorted Antiques here.
You now have 2/5 mp.
b - 3 fizzy ruby potions (gained 2) Thank you for shopping at Xyxiz's Assorted Antiques!
You regained 2 mp, and now have 4/5 mp.
It was a potion of mutation.
You feel extremely strange.
You feel stronger.
Iridescent scales grow over part of your body.
You feel the urge to shout.
You begin to heal more quickly.
MP restored: 5 Really quaff the potion of mutation?
You feel extremely strange.
Your rate of healing slows.
You feel weaker.
Your urge to shout disappears.
You feel less in control of your magic.
Iridescent scales spread over more of your body.
Your vision sharpens.
Really quaff the potion of mutation?
You feel extremely strange.
You regain control of your magic.
Your iridescent scales recede somewhat.
Your vision seems duller.
You feel stupid.
You feel stronger. x2
Unknown command.
Are you sure you want to abandon this character and quit the game? (Confirm with "yes".)

# #################
#. #......#........#
#.###......'....@...#
#...#......#........#
###.####.).#........#
........##.#.†...?..#
........##.#........#
........##.#........#
#######....#......†.#
#.########..... ...


There were no monsters in sight!

Vanquished Creatures
  A dart slug (D:1)
  An endoplasm (D:2)
  2 ball pythons
  A kobold (D:3)
  3 rats
8 creatures vanquished.

Notes
Turn   | Place    | Note
-------+----------+-------------------------------------------
     0 | D:1      | Psyclone the Octopode Conjurer began the quest for the Orb.
     0 | D:1      | Reached XP level 1. HP: 11/11 MP: 3/3
   341 | D:3      | Reached XP level 2. HP: 17/17 MP: 1/5
   371 | D:3      | Found Xyxiz's Assorted Antiques.
   380 | D:3      | Bought 2 fizzy ruby potions for 41 gold pieces
   403 | D:3      | Gained mutation: Your muscles are strong. (Str +4, Int/Dex
                  | -1) [potion of mutation]
   403 | D:3      | Gained mutation: You are partially covered in iridescent
                  | scales. (AC +2) [potion of mutation]
   403 | D:3      | Gained mutation: You occasionally shout uncontrollably at
                  | your foes. [potion of mutation]
   403 | D:3      | Gained mutation: Your natural rate of healing is unusually
                  | fast. [potion of mutation]
   404 | D:3      | Lost mutation: Your natural rate of healing is unusually
                  | fast. [potion of mutation]
   404 | D:3      | Lost mutation: Your muscles are strong. (Str +4, Int/Dex
                  | -1) [potion of mutation]
   404 | D:3      | Lost mutation: You occasionally shout uncontrollably at
                  | your foes. [potion of mutation]
   404 | D:3      | Gained mutation: Your spells are a little harder to cast,
                  | but a little more powerful. [potion of mutation]
   404 | D:3      | Gained mutation: You are mostly covered in iridescent
                  | scales. (AC +4) [potion of mutation]
   404 | D:3      | Gained mutation: You have supernaturally acute eyesight.
                  | (SInv) [potion of mutation]
   405 | D:3      | Lost mutation: Your spells are a little harder to cast, but
                  | a little more powerful. [potion of mutation]
   405 | D:3      | Lost mutation: You are mostly covered in iridescent scales.
                  | (AC +4) [potion of mutation]
   405 | D:3      | Lost mutation: You have supernaturally acute eyesight.
                  | (SInv) [potion of mutation]
   405 | D:3      | Gained mutation: You are dopey. (Int -2) [potion of
                  | mutation]
   405 | D:3      | Gained mutation: Your muscles are strong. (Str +4, Int/Dex
                  | -1) [potion of mutation]
   405 | D:3      | Gained mutation: Your muscles are very strong. (Str +8,
                  | Int/Dex -2) [potion of mutation]
   406 | D:3      | Quit the game

Illustrated notes

Levels and vault maps discovered:
D:1:      dpeg_arrival_orchard, layout_basic
D:2:      layout_loops_corners, uniq_natasha, uniq_crazy_yiuf_cottage
D:3:      layout_basic, serial_shops, nicolae_shop_stone, shop

Action                     || total
---------------------------++-------
   Cast: Magic Dart        ||    11
    Use: Potion            ||     3
